 Dungeon Crawl Stone Soup version 0.29-a0-813-g4a14ea37d6 (webtiles) character file.

Game seed: 12958591547298971583

10 blackman the Sneak (level 2, -1/24 HPs)
             Began as a Human Delver on July 4, 2022.
             Was an Initiate of Elyvilon.
             Succumbed to a scorpion's poison
             ... on level 5 of the Dungeon.
             The game lasted 00:02:28 (328 turns).

blackman the Sneak (Human Delver)                    Turns: 328, Time: 00:02:28

Health: -1/24      AC: 10    Str: 12    XL:     2   Next: 30%
Magic:  2/2        EV:  2    Int: 10    God:    Elyvilon [......]
Gold:   0          SH:  0    Dex: 14    Spells: 1/1 levels left

rFire   . . .      SeeInvis .   a - +0 spear
rCold   . . .      Faith    .   (no shield)
rNeg    . . .      Spirit   .   j - +0 plate armour
rPois   .          Reflect  .   (no helmet)
rElec   .          Harm     .   (no cloak)
rCorr   .          Rampage  .   (no gloves)
Will    .....                   (no boots)
Stlth   ..........              (no amulet)
HPRegen 0.08/turn               (no ring)
MPRegen 0.08/turn               (no ring)

@: lethally poisoned (-1 -> -13), hasted, very quick
A: no striking features
a: Renounce Religion


You were on level 5 of the Dungeon.
You worshipped Elyvilon.
Elyvilon was noncommittal.
You visited 2 branches of the dungeon, and saw 2 of its levels.

Inventory:

Hand Weapons
 a - a +0 spear (weapon)
 b - a +0 sling
 l - a +0 hand axe
Missiles
 k - a throwing net
Armour
 i - a +0 leather armour
 j - a +0 plate armour (worn)
Wands
 g - a wand of digging (3)
Scrolls
 c - a scroll of fog
 d - a scroll of magic mapping
 e - a scroll of fear


   Skills:
 - Level 3.0 Fighting
 + Level 2.8 Axes
 - Level 2.0 Dodging
 - Level 5.0 Stealth


You had one spell level left.
You didn't know any spells.
Your spell library was empty.

Dungeon Overview and Level Annotations

Branches:
Dungeon (5/15)             Temple (1/1) D:5

Altars:
Ashenzari
Cheibriados
Elyvilon
Makhleb
Okawaru
Qazlal
Ru
Uskayaw
Vehumet
Wu Jian
Xom
Zin
The Shining One


Message History

The scorpion is heavily wounded.
You feel sick.
The scorpion stings you but does no damage.
You hit the scorpion but do no damage.
The scorpion is heavily wounded.
You feel sick. The scorpion stings you.
You hit the scorpion.
The scorpion is heavily wounded.
You feel sick.
The scorpion stings you but does no damage.
You closely miss the scorpion.
The scorpion is heavily wounded.
You feel sick.
You closely miss the scorpion.
The scorpion is heavily wounded.
You feel sick.
The scorpion stings you but does no damage.
You hit the scorpion.
The scorpion is heavily wounded.
You feel sick.
The scorpion stings you but does no damage.
You closely miss the scorpion.
The scorpion is heavily wounded.
The scorpion stings you but does no damage.
You hit the scorpion but do no damage.
The scorpion is heavily wounded.
You feel sick.
You hit the scorpion.
The scorpion is almost dead.
You feel sick.
The scorpion stings you but does no damage.
You hit the scorpion but do no damage.
The scorpion is severely wounded.
You feel sick. The scorpion stings you.
* * * LOW HITPOINT WARNING * * *
You are more poisoned.
The scorpion poisons you!
You hit the scorpion.
The scorpion is almost dead.
You die...

.............#..##
.).###.8.#.......####
. #.....##....##.#
####..####.....#
#...# ##....# ....#
#....# #.....# ##...#
.......###...#
.........#@...#
.........s..#.#
...........###.#
......# ## ....##
...# ..# ..


You could see a scorpion.

Vanquished Creatures
  A gnoll (D:5)
1 creature vanquished.

Notes
Turn   | Place    | Note
-------+----------+-------------------------------------------
     0 | D:5      | blackman the Human Delver began the quest for the Orb.
     0 | D:5      | Reached XP level 1. HP: 18/18 MP: 1/1
    27 | D:5      | Found a staircase to the Ecumenical Temple.
    48 | Temple   | Entered the Ecumenical Temple
   239 | Temple   | Became a worshipper of Elyvilon the Healer
   278 | D:5      | Reached XP level 2. HP: 24/24 MP: 2/2
   296 | D:5      | Noticed a scorpion
   327 | D:5      | HP: 1/24 [scorpion (3)]
   328 | D:5      | Succumbed to a scorpion's poison

Illustrated notes

Levels and vault maps discovered:
D:5:      layout_layer_cave, nzn_overflow_gifts_of_might_and_magic,
          nicolae_gozag_cash_rules_everything_around_me,
          minmay_temple_entry_statues_pillars, serial_demonic, serial_demonic_a,
          serial_demonic_c, serial_demonic_c, serial_demonic_b,
          lightli_church_of_beogh, uniq_duvessa, uniq_ijyb
Temple:   nicolae_temple_bog_church

Action                   || total
-------------------------++-------
Melee: Spear             ||    26
 Fire: Sling             ||     6
  Use: Potion            ||     2
Armor: Plate armour      ||    22

Table legend: (Time is in decaauts)
 A = Elapsed time spent in this place.
 B = Non-inter-level travel time spent in this place.
 C = Inter-level travel time spent in this place.
 D = Time resting spent in this place.
 E = Time spent auto-exploring this place.
 F = Levels seen in this place.
 G = Mean time per level.
                   A        B        C        D        E       F      G
               +--------+--------+--------+--------+--------+-----+--------+
         Total |    330 |    227 |    103 |      0 |     94 |   2 |  165.0 |
       Dungeon |    113 |    110 |      3 |      0 |     17 |   1 |  113.0 |
        Temple |    216 |    116 |    100 |      0 |     77 |   1 |  216.0 |
               +--------+--------+--------+--------+--------+-----+--------+

Top non-repeatable levels by time:
  Temple: 216 daAuts
     D:5: 113 daAuts
